 Dungeon Crawl Stone Soup version 0.27-a0-1548-gf8a67e7463 (webtiles) character file.

Game seed: 1675956789692845631

22 DogServant the Chopper (level 2, 0/22 HPs)
             Began as a Demonspawn Gladiator on July 14, 2021.
             Slain by a ball python (1 damage)
             ... on level 2 of the Dungeon on Feb 18, 2022.
             The game lasted 00:03:11 (1087 turns).

DogServant the Chopper (Demonspawn Gladiator)       Turns: 1087, Time: 00:03:12

Health: 0/22       AC:  4    Str: 14    XL:     2   Next: 68%
Magic:  2/2        EV:  9    Int:  9    God:
Gold:   6          SH:  0    Dex: 14    Spells: 1/1 levels left

rFire    . . .     SeeInvis .   e - +0 dagger (venom)
rCold    . . .     Faith    .   (no shield)
rNeg     . . .     Spirit   .   b - +0 leather armour
rPois    .         Reflect  .   c - +0 helmet
rElec    .         Harm     .   (no cloak)
rCorr    .         Rampage  .   (no gloves)
Will     .....                  (no boots)
Stlth    +.........             (no amulet)
HPRegen  0.07/turn              (no ring)
MPRegen  0.08/turn              (no ring)

@: constricted
A: claws 1
a: no special abilities


You were on level 2 of the Dungeon.
You visited 1 branch of the dungeon, and saw 2 of its levels.

You collected 6 gold pieces.

Inventory:

Hand Weapons
 a - a +0 war axe
 e - a +0 dagger of venom (weapon)
Missiles
 d - 3 throwing nets (quivered)
Armour
 b - a +0 leather armour (worn)
 c - a +0 helmet (worn)


   Skills:
 - Level 2.0 Fighting
 + Level 3.3 Axes
 - Level 1.8 Throwing
 - Level 3.0 Dodging


You had one spell level left.
You didn't know any spells.
Your spell library was empty.

Dungeon Overview and Level Annotations

Branches:
Dungeon (2/15)

Altars:

Shops:
D:1 (


Innate Abilities, Weirdness & Mutations

You have sharp fingernails.


Message History

A rat comes into view.
The ball python barely misses you. The ball python closely misses you.
The dart slug closely misses you. The ball python bites you.
The ball python closely misses you. The kobold barely misses you.
The ball python bites you. The ball python closely misses you.
The dart slug launches a dart at you. The slug dart hits you.
The kobold hits you with a +0 short sword.
The ball python closely misses you. The ball python grabs you.
The ball python constricts you.
The kobold hits you with a +0 short sword.
The dart slug barely misses you. The ball python barely misses you.
The ball python constricts you. The kobold completely misses you.
The ball python bites you. The ball python constricts you.
The dart slug launches a dart at you. The slug dart misses you.
The kobold completely misses you. The ball python bites you.
The ball python constricts you. The ball python bites you.
* * * LOW HITPOINT WARNING * * *
The ball python constricts you. The dart slug launches a dart at you.
The slug dart hits you.
* * * LOW HITPOINT WARNING * * *
The kobold hits you but does no damage. The rat bites you.
* * * LOW HITPOINT WARNING * * *
The ball python barely misses you.
* * * LOW HITPOINT WARNING * * *
The ball python constricts you.
The kobold hits you with a +0 short sword.
* * * LOW HITPOINT WARNING * * *
The rat closely misses you.
The ball python bites you but does no damage.
The ball python constricts you.
The dart slug bites you but does no damage.
The kobold barely misses you. The rat bites you but does no damage.
The ball python bites you but does no damage.
You die...

##. #...#
#####..##..?.
....#.......
...........##
............#
............#
......r...^.#
......K@S...#
........w...#
.......<...##
....#.....##
### #######


You could see a dart slug, a ball python, a kobold and a rat.

Vanquished Creatures
  5 bats (D:1)
  An endoplasm (D:1)
  5 hobgoblins (D:1)
  3 kobolds (D:1)
  3 ball pythons (D:1)
  2 frilled lizards (D:1)
  A goblin (D:1)
  2 rats (D:1)
22 creatures vanquished.

Notes
Turn   | Place    | Note
-------+----------+-------------------------------------------
     0 | D:1      | DogServant the Demonspawn Gladiator began the quest for the
                  | Orb.
     0 | D:1      | Reached XP level 1. HP: 16/16 MP: 1/1
   213 | D:1      | Gained mutation: You have sharp fingernails. [demonic
                  | ancestry]
   213 | D:1      | Reached XP level 2. HP: 22/22 MP: 2/2
   439 | D:1      | Found Esomieqeqo's Weapon Shop.
   926 | D:1      | Found a faded altar of an unknown god.
  1085 | D:2      | HP: 1/22 [kobold (2)]
  1087 | D:2      | Slain by a ball python

Illustrated notes

Levels and vault maps discovered:
D:1:      ncdulo_wetmaze, layout_basic, serial_shops, shop,
          shapermc_ecumenical_altar_ellora
D:2:      wad_pebble_path, layout_rooms, minmay_tetromino_s4

Skill      XL: |  1  2 |
---------------+-------+-----
Axes           | 3 |  3.3
Dodging        | 3 |  3.0
Fighting       | |  2.0
Throwing       | |  1.8

Action                   || total
-------------------------++-------
Melee: War axe           ||    22
       Dagger            ||    34
 Stab: Distracted        ||     1
       Sleeping          ||     1
Armor: Leather armour    ||    23
Dodge: Dodged            ||    70

Table legend: (Time is in decaauts)
 A = Elapsed time spent in this place.
 B = Non-inter-level travel time spent in this place.
 C = Inter-level travel time spent in this place.
 D = Time resting spent in this place.
 E = Time spent auto-exploring this place.
 F = Levels seen in this place.
 G = Mean time per level.
                   A        B        C        D        E       F      G
               +--------+--------+--------+--------+--------+-----+--------+
         Total |   1100 |   1075 |     25 |      0 |    853 |   2 |  550.0 |
       Dungeon |   1100 |   1075 |     25 |      0 |    853 |   2 |  550.0 |
               +--------+--------+--------+--------+--------+-----+--------+

Top non-repeatable levels by time:
     D:1: 1087 daAuts
     D:2: 12 daAuts
